 Dungeon Crawl Stone Soup version 0.30-a0-469-g84de5afbc5 (webtiles) character file.

Game seed: 9251265827383470417

111267 themarg the Thaumaturge (level 16, -5/149 HPs)
             Began as a Green Draconian Conjurer on Dec 19, 2022.
             Was the Champion of Ashenzari.
             Killed from afar by a death drake (18 damage)
             ... with a foul vapour
             ... on level 2 of the Abyss on Dec 20, 2022.
             The game lasted 02:30:14 (38795 turns).

themarg the Thaumaturge (Green Draconian Conjurer) Turns: 38795, Time: 02:30:14

Health: -5/149     AC: 17    Str: 10    XL:     16   Next: 9%
Magic:  13/46      EV: 15    Int: 24    God:    Ashenzari [******]
Gold:   487        SH: 17    Dex: 10    Spells: 22/49 levels left

rFire   . . .      SeeInvis +    K - +2 short sword of the Mantic Stickiness {drain, Fort, Bglg} (curse)
rCold   . . .      Faith    .    Z - +1 kite shield "Share My the Ego" {Alch, Comp} (curse)
rNeg    + + .      Spirit   .    (body armour unavailable)
rPois   +          Reflect  +    D - +4 hat of Ashenzari's Mistrust {rN++ MP+9 Int-2, Bglg, Fort} (curse)
rElec   .          Harm     .    q - +0 cloak "I Foresaw This" {Evo, Bglg} (curse)
rCorr   +          Rampage  .    i - +1 pair of gloves "Gaze Upon Infinity" {Cun, Comp} (curse)
Will    +....      Clarity  +    x - +0 pair of boots "Thunder Perfect Mind" {Cun, Comp} (curse)
Stlth   ++++......               I - amulet "Lashed Together" {Reflect SH+5, Cun, Self} (curse)
HPRegen 0.44/turn                B - ring of the Circumscribed Seer {rCorr, Comp, Cun} (curse)
MPRegen 0.30/turn                W - ring of the Cursed Heavens {Wiz, Elem, Cun} (curse)

@: lethally poisoned (-5 -> -8), about to teleport, slowed, very slow
A: breathe noxious fumes, AC +9, unfitting armour, stinger 1, poison resistance,
cold-blooded
a: Breathe Noxious Fumes, Renounce Religion, Shatter the Chains


You were on level 2 of the Abyss.
You worshipped Ashenzari.
Ashenzari was exalted by your worship.
You visited 4 branches of the dungeon, and saw 23 of its levels.
You visited the Abyss 1 time.
You also visited: Sewer.

You collected 1950 gold pieces.
You spent 1463 gold pieces at shops.

Inventory:

Hand Weapons
 c - the +0 quarterstaff "Concordance" {freeze, rCorr Int+2}
   (You found it on level 13 of the Dungeon)

   It freezes those it strikes, dealing additional cold damage.
   It can also slow down cold-blooded creatures.
   Int:       It affects your intelligence (+2).
   rCorr:     It protects you from acid and corrosion.
 K - the cursed +2 short sword of the Mantic Stickiness (weapon) {drain, Fort, Bglg}
   (You took it off a kobold on level 9 of the Dungeon)

   A truly terrible weapon, it drains the life of any living foe it strikes.
   It has a curse which improves the following skills: Fortitude: Shields.
   Beguiling: Conjurations, Hexes and Translocations.
 Q - a +1 rapier of venom
Missiles
 t - a throwing net
 u - 12 stones
 y - 3 silver javelins
 C - 44 poisoned darts (quivered)
 G - 6 boomerangs
 L - 4 curare-tipped darts
 Y - 3 boomerangs of dispersal
Armour
 i - the cursed +1 pair of gloves "Gaze Upon Infinity" (worn) {Cun, Comp}
   (You found it on level 1 of the Dungeon)

   It has a curse which improves the following skills: Cunning: Dodging and
   Stealth.
   Companions: Summonings and Necromancy.
 q - the cursed +0 cloak "I Foresaw This" (worn) {Evo, Bglg}
   (You found it on level 4 of the Dungeon)

   It has a curse which improves the following skills: Evocations: Evocations.
   Beguiling: Conjurations, Hexes and Translocations.
 x - the cursed +0 pair of boots "Thunder Perfect Mind" (worn) {Cun, Comp}
   (You found it on level 4 of the Dungeon)

   It has a curse which improves the following skills: Cunning: Dodging and
   Stealth.
   Companions: Summonings and Necromancy.
 D - the cursed +4 hat of Ashenzari's Mistrust (worn) {rN++ MP+9 Int-2, Bglg, Fort}
   (You bought it in a shop on level 2 of the Orcish Mines)

   Int:       It affects your intelligence (-2).
   rN:        It greatly protects you from negative energy.
   MP:        It affects your magic capacity (+9).
   It has a curse which improves the following skills: Beguiling: Conjurations,
   Hexes and Translocations.
   Fortitude: Shields.
 Z - the cursed +1 kite shield "Share My the Ego" (worn) {Alch, Comp}
   (You found it on level 12 of the Dungeon)

   It has a curse which improves the following skills: Alchemy: Poison Magic and
   Transmutations.
   Companions: Summonings and Necromancy.
Jewellery
 o - an amulet of the acrobat
 B - the cursed ring of the Circumscribed Seer (left hand) {rCorr, Comp, Cun}
   (You found it on level 3 of the Lair of Beasts)

   [ring of resist corrosion]

   rCorr:     It protects you from acid and corrosion.
   It has a curse which improves the following skills: Companions: Summonings
   and Necromancy.
   Cunning:   Dodging and Stealth.
 I - the cursed amulet "Lashed Together" (around neck) {Reflect SH+5, Cun, Self}
   (You took it off a gnoll on level 8 of the Dungeon)

   [amulet of reflection]

   It reflects blocked missile attacks.
   SH:        It affects your SH (+5).
   It has a curse which improves the following skills: Cunning: Dodging and
   Stealth.
   Introspection: Fighting and Spellcasting.
 W - the cursed ring of the Cursed Heavens (right hand) {Wiz, Elem, Cun}
   (You found it on level 5 of the Lair of Beasts)

   [ring of wizardry]

   It improves your spell success rate.
   It has a curse which improves the following skills: Elements: Fire Magic, Ice
   Magic, Air Magic and Earth Magic.
   Cunning:   Dodging and Stealth.
Wands
 j - a wand of flame (5)
 w - a wand of digging (8)
 H - a wand of mindburst (3)
 O - a wand of iceblast (25)
 T - a wand of polymorph (14)
 U - a wand of paralysis (2)
 X - a wand of acid (5)
Scrolls
 a - 4 scrolls of magic mapping
 d - 11 scrolls of teleportation
 m - 10 scrolls of immolation
 n - 7 scrolls of vulnerability
 p - 3 scrolls of torment
 s - 6 scrolls of blinking
 v - 12 scrolls of fear
 z - 5 scrolls of poison
 A - 2 scrolls of enchant weapon
 E - 3 scrolls of fog
 M - a scroll of silence
 P - a scroll of amnesia
 R - a scroll of summoning
Potions
 b - 5 potions of might
 e - 2 potions of lignification
 f - 2 potions of invisibility
 g - 5 potions of haste
 h - 7 potions of curing
 k - 5 potions of brilliance
 l - 6 potions of flight
 r - 3 potions of berserk rage
 F - 2 potions of heal wounds
 J - 2 potions of cancellation
 S - 2 potions of magic
 V - 2 potions of ambrosia


   Skills:
 - Level 12.7(15.3) Fighting
 - Level 6.7(13.6) Dodging
 - Level 3.0(8.6) Stealth
 + Level 8.8(12.7) Shields
 - Level 14.8(17.3) Spellcasting
 - Level 10.0(15.1) Conjurations
 - Level 3.0(7.1) Hexes
 - Level 1.5(5.2) Necromancy
 - Level 3.0(7.1) Translocations
 - Level 3.0(5.2) Transmutations
 - Level 10.0(12.6) Ice Magic
 - Level 3.0(5.2) Air Magic
 + Level 2.2(4.2) Earth Magic
 - Level 3.0(5.2) Poison Magic
 + Level 11.4(14.0) Evocations


You had 22 spell levels left.
You knew the following spells:

 Your Spells              Type           Power      Damage    Failure   Level
a - Magic Dart            Conj           100%       1d8       0%          1
b - Searing Ray           Conj           100%       2d8       0%          2
c - Fulminant Prism       Conj/Hex       32%        3d16      1%          4
d - Iskenderun's Mystic   Conj/Tloc      65%        2d13      1%          4
e - Freezing Cloud        Conj/Ice/Air   32%        6-21      1%          5
f - Yara's Violent Unrav  Hex/Tmut       25%        3d11      4%          5
g - Iron Shot             Conj/Erth      30%        9d6       6%          6

Your spell library contained the following spells:

 Spells                   Type           Power      Damage    Failure   Level
 Apportation              Tloc           100%       N/A       1%          1
 Necrotise                Necr           100%       1d9       1%          1
 Summon Small Mammal      Summ           100%       N/A       1%          1
 Cigotuvi's Dreadful Rot  Necr/Pois/Air  92%        N/A       1%          2
 Ensorcelled Hibernation  Hex/Ice        100%       N/A       1%          2
 Passwall                 Tmut/Erth      35%        N/A       1%          2
 Poisonous Vapours        Pois/Air       92%        N/A       1%          2
 Static Discharge         Conj/Air       100%       2-7/arc   1%          2
 Dazzling Flash           Conj/Hex       100%       N/A       1%          3
 Gell's Gravitas          Tloc           53%        N/A       1%          3
 Ignite Poison            Fire/Tmut/Pois 38%        N/A       1%          3
 Kindle Blastsparks       Fire/Tloc/Air  82%        2d16      1%          3
 Lesser Beckoning         Tloc           100%       N/A       1%          3
 Mephitic Cloud           Conj/Pois/Air  58%        N/A       1%          3
 Ozocubu's Armour         Ice            69%        N/A       1%          3
 Swiftness                Air            46%        N/A       1%          3
 Teleport Other           Tloc           53%        N/A       1%          3
 Tukima's Dance           Hex            53%        N/A       1%          3
 Vhi's Electric Charge    Tloc/Air       100%       N/A       1%          3
 Ice Form                 Ice/Tmut       59%        N/A       1%          4
 Leda's Liquefaction      Hex/Erth       24%        N/A       1%          4
 Passage of Golubria      Tloc           53%        N/A       1%          4
 Arcjolt                  Conj/Air       31%        1d41      1%          5
 Lightning Bolt           Conj/Air       31%        1d48      1%          5
 Metabolic Englaciation   Hex/Ice        31%        N/A       1%          5
 Alistair's Intoxication  Tmut/Pois      30%        N/A       6%          5
 Blade Hands              Tmut           23%        N/A       6%          5
 Borgnjor's Vile Clutch   Necr/Erth      21%        N/A       8%          5
 Simulacrum               Ice/Necr       29%        N/A       8%          6
 Lee's Rapid Deconstruct  Erth           20%        3d12*     9%          5
 Dispersal                Tloc           26%        N/A       16%         6
 Eringya's Noxious Bog    Tmut/Pois      23%        N/A       32%         6
 Statue Form              Tmut/Erth      28%        N/A       38%         6
 Maxwell's Capacitive Co  Air            23%        ∞         100%        8
 Chain Lightning          Conj/Air       31%        3d41      100%        9
 Fire Storm               Conj/Fire      27%        8d7       100%        9
 Shatter                  Erth           20%        3d18*     100%        9
 Animate Armour           Summ/Erth      Unusable   N/A       N/A         4

Dungeon Overview and Level Annotations

Branches:
Dungeon (15/15)            Temple (1/1) D:6            Lair (5/5) D:8
  Swamp (0/4) Lair:2       Spider (0/4) Lair:3        Slime (0/5) Lair:5
    Orc (2/2) D:10            Elf (0/3) Orc:2        Vaults (0/5) D:13
  Sewer (visited)
 Depths: D:15

Altars:
Ashenzari
Cheibriados
Dithmenos
Elyvilon
Fedhas
Gozag
Hepliaklqana
Kikubaaqudgha
Makhleb
Nemelex Xobeh
Okawaru
Qazlal
Ru
Sif Muna
Trog
Uskayaw
Vehumet
Wu Jian
Xom
Yredelemnul
Zin
The Shining One
Lugonu

Shops:
D:2 ?!=*(   D:3 :   D:6 !   D:14 :   Orc:2 *(=[(

Portals:
Abyss: Lair:5


Innate Abilities, Weirdness & Mutations

You can breathe blasts of noxious fumes.
Your lurid green scales are hard. (AC +9)
You cannot fit into any form of body armour.
Your tail ends in a venomous barb.
Your system is resistant to poisons. (rPois)
You are cold-blooded and may be slowed by cold attacks.


Message History

Casting: Iskenderun's Mystic Blast (safe; 1% risk of failure)
Confirm with . or Enter, or press ? or * to list all spells.
You erupt in a blast of force!
The mystic blast hits the sixfirhy!!
The sixfirhy is heavily wounded.
The sixfirhy is knocked back by the mystic blast.
The sixfirhy slams into the rock wall!
The sixfirhy is severely wounded.
The mystic blast hits the death drake.
The death drake is moderately wounded.
You feel very sick. You block the death drake's attack.
The death drake bites you but does no damage.
An iron imp comes into view.
Casting: Iskenderun's Mystic Blast (safe; 1% risk of failure)
Confirm with . or Enter, or press ? or * to list all spells.
You erupt in a blast of force!
The mystic blast hits the harpy skeleton!
The harpy skeleton is moderately damaged.
The harpy skeleton is knocked back by the mystic blast.
The harpy skeleton slams into the rock wall!
The harpy skeleton is moderately damaged.
The mystic blast hits the death drake!
The death drake is heavily wounded.
You feel very sick.
The death drake bites you but does no damage.
The death drake breathes miasma at you. The foul vapour engulfs you!!
* * * LOW HITPOINT WARNING * * *
As you read the scroll of teleportation, it crumbles to dust.
You feel strangely unstable.
You feel the power of the Abyss delaying your translocation!
You are engulfed in dark miasma.
* * * LOW HITPOINT WARNING * * *
You feel very sick. You block the death drake's attack. x2
The death drake attacks as you move away!
You block the death drake's attack.
You feel sick. The death drake breathes miasma at you.
The foul vapour engulfs you!!
You die...

*, , ** ,*,, ###,#
.#** ** .,, ,,*,,,**
##.# . #. * **** ,*
*,,*#.##*#, #, *,
*,**, *, #..### #.*#
,, * * ,, ** ,#.#.#
,* . . .., , , * #.
,# #.##,,.#***## ,,
,**{*....####.##.###
,*, ., # * *
#......#..#...# *,,
* , ,,* , *
,*Z#k@..# **** , # ,
*,, ,
*#...Z5.##.##** ***
,., * * #..#### ###
, , ,,* , * , *** *
** ** , ,* *, * *,**
* ,, * ,* *,*,, * *
** ** *,,*, , * ,* *
* , ,, ,, ,* * ,*, ,
, ,,*, *, * ,* * ,*,
, * * ,


You could see a death drake (catching breath), an iron imp and a harpy skeleton.

Vanquished Creatures
  Saint Roka (Orc:2)
  Kirke (Lair:5)
  Louise (D:15)
  Josephine (Lair:5)
  A vault guard (D:13)
  An anaconda (Lair:3)
  An anaconda (shapeshifter) (Lair:5)
  8 hydras
  A radroach (shapeshifter) (Lair:5)
  5 boulder beetles
  7 centaur warriors
  6 two-headed ogres
  19 death yaks
  Urug (Orc:2)
  2 thrashing horrors (Lair:5)
  3 large abominations (Lair:5)
  2 orc high priests
  A deep elf knight (D:13)
  Amaemon (Lair:3)
  Sonja (D:10)
  Nergalle (Orc:2)
  A shadow wraith (Abyss:2)
  A deep troll (shapeshifter) (D:13)
  A wizard (D:15)
  A lindwurm (Lair:3)
  18 ugly things
  4 orc knights
  Pikel (D:7)
  3 deep elf pyromancers (D:13)
  A wolf spider (Lair:2)
  An orc sorcerer (Orc:2)
  5 cyclopes (D:13)
  7 manticores
  8 black mambas
  A black mamba (shapeshifter) (D:14)
  7 elephants (Lair:5)
  An orange demon (Lair:3)
  2 smoke demons (Lair:5)
  A gargoyle (D:11)
  4 rime drakes
  2 torpor snails (Lair:3)
  A dire elephant skeleton (Abyss:2)
  10 cane toads
  A yaktaur (D:13)
  An unseen horror (D:13)
  A tengu conjurer (D:13)
  A freezing wraith (D:14)
  2 ancient zymes (Lair:5)
  11 komodo dragons
  A polar bear (Lair:2)
  8 trolls
  4 meliai
  Prince Ribbit (Lair:3)
  4 raiju (Abyss:2)
  Grinder (D:4)
  11 slime creatures
  26 blink frogs
  2 centaur simulacra
  11 dream sheep
  2 jumping spiders (Lair:3)
  3 ynoxinuls
  3 shadows
  A spriggan (shapeshifter) (D:14)
  5 wyverns
  3 hogs (Lair:5)
  8 wraiths
  29 yaks
  A human (Lair:5)
  2 chaos spawn
  2 steam dragons
  5 vampire mosquitoes
  9 basilisks
  A redback (Lair:3)
  Edmund (D:5)
  7 wargs
  3 acid dragons
  18 water moccasins
  28 orc warriors
  4 black bears
  11 small abominations
  An ice beast (D:6)
  A starcursed mass (Abyss:2)
  3 boggarts (D:13)
  21 wolves
  10 ogres
  2 lemures (D:7)
  21 centaurs
  5 kobold brigands
  14 bullfrogs
  3 scorpions
  A hornet simulacrum (D:14)
  7 killer bees (D:9)
  An electric eel (D:12)
  7 howler monkeys
  A hound (D:7)
  25 orc priests
  A gnoll bouda (D:8)
  Crazy Yiuf (D:6)
  Ijyb (D:4)
  Terence (D:2)
  3 iguanas
  17 orc wizards
  A scorpion zombie (D:4)
  6 hell rats (Lair:5)
  A hound zombie (D:4)
  A mummy (D:6)
  A howler monkey zombie (D:4)
  15 adders
  13 gnolls
  6 river rats
  2 shadow imps (D:7)
  5 white imps
  2 ufetubi
  An adder zombie (D:4)
  4 worms
  4 dart slugs
  59 orcs
  13 ball pythons
  8 endoplasms
  4 giant cockroaches
  6 goblins
  7 hobgoblins
  6 jackals
  25 kobolds
  3 quokkas
  19 bats
  9 frilled lizards
  12 rats
758 creatures vanquished.

Vanquished Creatures (others)
  2 humans (Lair:5)
  17 fulminant prisms
  52 fungi
  71 plants
142 creatures vanquished.

Grand Total: 900 creatures vanquished

Notes
Turn   | Place    | Note
-------+----------+-------------------------------------------
     0 | D:1      | themarg the Draconian Conjurer began the quest for the Orb.
     0 | D:1      | Reached XP level 1. HP: 14/14 MP: 3/3
   252 | D:1      | Reached XP level 2. HP: 20/20 MP: 3/5
   255 | D:1      | Learned a level 2 spell: Searing Ray
   487 | D:1      | Found a faded altar of an unknown god.
   831 | D:1      | Reached XP level 3. HP: 26/26 MP: 3/6
  1150 | D:2      | Found Cezxibae's General Store.
  1596 | D:2      | Reached XP level 4. HP: 33/33 MP: 3/8
  1668 | D:2      | Found Qeohosor's Jewellery Shop.
  1796 | D:2      | Found Fyiremm's Magic Scroll Emporium.
  1803 | D:2      | Bought a scroll of identify for 24 gold pieces
  1808 | D:2      | Bought a scroll of identify for 24 gold pieces
  1808 | D:2      | Bought a scroll of identify for 24 gold pieces
  1808 | D:2      | Bought a scroll of identify for 24 gold pieces
  1812 | D:2      | Noticed Terence
  1985 | D:2      | Found Xadghit's Distillery.
  2036 | D:2      | Found Poess's Weapon Shoppe.
  2110 | D:2      | Reached skill level 3 in Spellcasting
  2690 | D:3      | Noticed a black bear
  2696 | D:3      | Killed a black bear
  2697 | D:3      | Reached skill level 5 in Conjurations
  2697 | D:3      | Reached XP level 5. HP: 28/38 MP: 0/10
  3099 | D:3      | Found Sunuf's Book Boutique.
  3198 | D:2      | Killed Terence
  3301 | D:4      | Reached skill level 4 in Spellcasting
  3301 | D:4      | Reached XP level 6. HP: 44/45 MP: 2/12
  3712 | D:4      | Noticed Grinder
  3721 | D:4      | Killed Grinder
  3824 | D:4      | Your scales start taking on a lurid green colour.
  3824 | D:4      | Reached XP level 7. HP: 50/50 MP: 10/14
  3824 | D:4      | Gained mutation: Your system is resistant to poisons.
                  | (rPois) [Green Draconian growth]
  3960 | D:4      | Found a basalt altar of Yredelemnul.
  3993 | D:4      | Found a blossoming altar of Fedhas.
  4060 | D:4      | Noticed Ijyb
  4069 | D:4      | Killed Ijyb
  4269 | D:4      | Reached skill level 5 in Spellcasting
  4426 | D:5      | Entered Level 5 of the Dungeon
  4715 | D:5      | Found a burning altar of Makhleb.
  4752 | D:5      | Found a glowing drain.
  4764 | Sewer    | Entered a sewer
  5535 | Sewer    | Reached skill level 1 in Translocations
  5892 | D:5      | Reached skill level 1 in Hexes
  6403 | D:6      | Noticed Edmund
  6578 | D:4      | Learned a level 4 spell: Fulminant Prism
  6583 | D:4      | Learned a level 4 spell: Iskenderun's Mystic Blast
  6858 | D:5      | Killed Edmund
  6859 | D:5      | Reached XP level 8. HP: 44/57 MP: 5/15
  7108 | D:5      | Found a burning altar of Makhleb.
  7401 | D:6      | Found a runed translucent door.
  7402 | D:6      | Noticed Crazy Yiuf
  7408 | D:6      | Killed Crazy Yiuf
  7497 | D:6      | Found a staircase to the Ecumenical Temple.
  7506 | Temple   | Entered the Ecumenical Temple
  7541 | Temple   | Became a worshipper of Ashenzari the Shackled
  8171 | D:6      | Found Ompirr's Distillery.
  8273 | D:6      | Found a snail-covered altar of Cheibriados.
  8665 | D:7      | Found an ancient bone altar of Kikubaaqudgha.
  8685 | D:7      | Reached skill level 10 in Conjurations
  8685 | D:7      | Reached skill level 1 in Fighting
  8685 | D:7      | Reached XP level 9. HP: 48/64 MP: 5/16
  9274 | D:7      | Noticed Pikel
  9285 | D:7      | Killed Pikel
  9286 | D:7      | Reached skill level 5 in Fighting
  9964 | D:8      | Found an opulent altar of Gozag.
  9971 | D:8      | Found a white marble altar of Elyvilon.
  9978 | D:8      | Found a glowing golden altar of the Shining One.
  9978 | D:8      | Found a hide-covered altar of Uskayaw.
  9985 | D:8      | Found a radiant altar of Vehumet.
 10345 | D:8      | Found a staircase to the Lair.
 10959 | D:9      | Reached skill level 6 in Spellcasting
 11247 | D:9      | Reached * piety under Ashenzari
 11262 | D:9      | Reached XP level 10. HP: 49/84 MP: 2/19
 12633 | D:10     | Entered Level 10 of the Dungeon
 12639 | D:10     | Found a sparkling altar of Nemelex Xobeh.
 12744 | D:10     | Reached skill level 7 in Spellcasting
 12892 | D:10     | Identified the +5 scale mail of the Lute {rPois rF- rCorr
                  | Dex+3}
 13004 | D:10     | Noticed a two-headed ogre
 13008 | D:10     | Killed a two-headed ogre
 13111 | D:10     | Found a transporter.
 13139 | D:10     | Found a transporter.
 13163 | D:10     | Found a transporter.
 13245 | D:10     | Noticed Sonja
 13255 | D:10     | Killed Sonja
 13263 | D:10     | Found a staircase to the Orcish Mines.
 13365 | D:10     | Reached ** piety under Ashenzari
 13508 | D:10     | Found a transporter.
 13576 | D:11     | Reached skill level 10 in Fighting
 13822 | D:11     | Noticed an orc knight
 14106 | D:11     | Noticed a gargoyle
 14127 | D:11     | Killed a gargoyle
 14128 | D:11     | Reached skill level 8 in Spellcasting
 14280 | D:11     | Killed an orc knight
 14281 | D:11     | Reached XP level 11. HP: 54/99 MP: 9/23
 14501 | D:11     | Reached skill level 9 in Spellcasting
 15054 | D:11     | Reached *** piety under Ashenzari
 15499 | Lair:1   | Entered Level 1 of the Lair of Beasts
 15522 | Lair:1   | Reached skill level 1 in Evocations
 16066 | Lair:1   | Reached skill level 5 in Evocations
 17248 | Lair:2   | Found a staircase to the Swamp.
 17595 | Lair:2   | Found a shimmering altar of Xom.
 17614 | Lair:2   | Identified the +1 ring mail of Mumblety Peg {Int+2}
 18359 | Lair:3   | Noticed Prince Ribbit
 18359 | Lair:3   | Noticed an eight-headed hydra
 18606 | D:3      | Bought a Trismegistus Codex for 280 gold pieces
 18643 | D:2      | Bought a potion of haste for 100 gold pieces
 18643 | D:2      | Bought a potion of magic for 80 gold pieces
 18643 | D:2      | Bought a potion of brilliance for 40 gold pieces
 18643 | D:2      | Bought a potion of curing for 30 gold pieces
 18665 | D:2      | Bought a scroll of blinking for 90 gold pieces
 18899 | Lair:3   | Reached XP level 12. HP: 103/110 MP: 14/27
 19011 | Lair:3   | Noticed a death yak
 19023 | Lair:3   | Killed a death yak
 19024 | Lair:3   | Reached skill level 1 in Shields
 19024 | Lair:3   | Reached skill level 1 in Transmutations
 19024 | Lair:3   | Reached skill level 1 in Ice Magic
 19024 | Lair:3   | Reached skill level 1 in Air Magic
 19266 | Lair:3   | Noticed a boulder beetle
 19267 | Lair:3   | Noticed an anaconda
 19324 | Lair:2   | Learned a level 5 spell: Freezing Cloud
 19329 | Lair:3   | Killed an eight-headed hydra
 19343 | Lair:3   | Noticed a six-headed hydra
 19720 | Lair:3   | Found a hole to the Spider Nest.
 20025 | Lair:3   | Killed Prince Ribbit
 20038 | Lair:3   | Reached skill level 5 in Ice Magic
 20232 | Lair:3   | Noticed a boulder beetle
 20235 | Lair:3   | Noticed a six-headed hydra
 20241 | Lair:3   | Killed a six-headed hydra
 20242 | Lair:3   | Reached skill level 10 in Spellcasting
 20242 | Lair:3   | Reached skill level 1 in Poison Magic
 20442 | Lair:3   | Killed an anaconda
 20647 | Lair:3   | Killed a boulder beetle
 20852 | Lair:3   | Noticed a death yak
 20856 | Lair:3   | Noticed a death yak
 20859 | Lair:3   | Reached skill level 5 in Dodging
 20922 | Lair:3   | Noticed Amaemon
 20982 | Lair:3   | Killed Amaemon
 21003 | Lair:3   | Identified the cursed +2 short sword of the Mantic
                  | Stickiness {drain, Fort, Bglg} (You took it off a kobold on
                  | level 9 of the Dungeon)
 21003 | Lair:3   | Identified the cursed +0 cloak "I Foresaw This" {Evo, Bglg}
                  | (You found it on level 4 of the Dungeon)
 21003 | Lair:3   | Identified the cursed +1 pair of gloves "Gaze Upon
                  | Infinity" {Cun, Comp} (You found it on level 1 of the
                  | Dungeon)
 21003 | Lair:3   | Identified the cursed +0 pair of boots "Thunder Perfect
                  | Mind" {Cun, Comp} (You found it on level 4 of the Dungeon)
 21017 | Lair:2   | Reached XP level 13. HP: 29/117 MP: 1/29
 21419 | Lair:3   | Reached skill level 11 in Spellcasting
 22566 | Lair:3   | Identified the Codex of Transmogrification
 23990 | Lair:4   | Reached skill level 12 in Spellcasting
 25454 | Lair:5   | Entered Level 5 of the Lair of Beasts
 25810 | D:10     | Reached **** piety under Ashenzari
 25946 | Orc:1    | Entered Level 1 of the Orcish Mines
 26170 | Orc:2    | Entered Level 2 of the Orcish Mines
 26196 | Orc:2    | Found a staircase to the Elven Halls.
 26221 | Orc:2    | Found Bidu's Weapon Shoppe.
 26300 | Orc:2    | Reached ***** piety under Ashenzari
 26472 | Orc:2    | Noticed Urug
 26483 | Orc:2    | Killed Urug
 26797 | Orc:1    | Gained mutation: Your tail ends in a venomous barb. [Green
                  | Draconian growth]
 26797 | Orc:1    | Reached XP level 14. HP: 112/127 MP: 24/33
 27509 | Orc:2    | Noticed Saint Roka
 27729 | Orc:2    | Noticed Nergalle
 27743 | Orc:2    | Killed Nergalle
 28120 | Orc:2    | Killed Saint Roka
 28121 | Orc:2    | Reached skill level 10 in Ice Magic
 28294 | Orc:2    | Found Xorrorur's Jewellery Shoppe.
 28308 | Orc:2    | Found Tideosiw's General Store.
 28326 | Orc:2    | Found Qutousis's Antique Weapon Shoppe.
 28342 | Orc:2    | Found Mofoaloi's Antique Armour Shoppe.
 28349 | Orc:2    | Bought a spiked hat for 315 gold pieces
 28349 | Orc:2    | Identified the +4 hat "Qyga" {rN++ MP+9 Int-2} (You bought
                  | it in a shop on level 2 of the Orcish Mines)
 29458 | Lair:5   | Noticed Kirke
 29481 | Lair:5   | Killed Kirke
 30233 | Lair:5   | Noticed Josephine
 30242 | Lair:5   | Killed Josephine
 30243 | Lair:5   | Reached skill level 13 in Spellcasting
 30489 | Lair:5   | Noticed a quicksilver ooze
 30492 | Lair:5   | a quicksilver ooze changed into a radroach
 30510 | Lair:5   | Reached skill level 5 in Shields
 30678 | Lair:5   | Found a corrupted altar of Lugonu.
 30678 | Lair:5   | Found a one-way gate to the infinite horrors of the Abyss.
 31588 | Lair:5   | Found a staircase to the Slime Pits.
 31606 | Lair:5   | Reached skill level 14 in Spellcasting
 31606 | Lair:5   | Reached XP level 15. HP: 141/141 MP: 27/35
 34459 | D:13     | Identified the +0 quarterstaff "Concordance" {freeze, rCorr
                  | Int+2}
 34936 | D:13     | Reached skill level 10 in Evocations
 35207 | D:13     | Identified the +5 ring mail "Soub" {rF+ Int+4}
 35547 | D:13     | Found a gate to the Vaults.
 35699 | D:13     | Reached ****** piety under Ashenzari
 37751 | D:14     | Found Kiana's Book Shoppe.
 37812 | D:15     | Entered Level 15 of the Dungeon
 37847 | D:14     | Bought a book of Iron for 432 gold pieces
 37853 | D:14     | Learned a level 5 spell: Yara's Violent Unravelling
 37860 | D:14     | Learned a level 6 spell: Iron Shot
 37999 | D:15     | Noticed Louise
 38021 | D:15     | Killed Louise
 38214 | D:15     | Reached skill level 1 in Necromancy
 38214 | D:15     | Reached skill level 1 in Earth Magic
 38216 | D:15     | Reached XP level 16. HP: 149/149 MP: 26/37
 38355 | Abyss:2  | Cast into level 2 of the Abyss (a wizard)
 38795 | Abyss:2  | Killed from afar by a death drake

Illustrated notes

Levels and vault maps discovered:
D:1:      lightli_molten_gateway, layout_loops_ring, basic_ecumenical_altar
D:2:      layout_basic, serial_shops, shop, nicolae_shop_trees, shop, shop,
          nicolae_shop_bloodbath_and_beyond,
          hangedman_abyss_or_decor_lesser_grid, uniq_terence
D:3:      layout_loops_cross, serial_shops, shop
D:4:      layout_basic, nicolae_yredelemnul_corpse_copse,
          fedhas_altar_decomposition, uniq_ijyb, uniq_grinder
D:5:      layout_loops_ring, mainiacjoe_overflow_concentric_impassable,
          cheibrodos_sewer_entry_bend, st_stairs_10
D:6:      layout_basic, slow_altar_1, temple_fountains, nicolae_take_the_stairs,
          hangedman_decor_clover_reticule, uniq_crazy_yiuf_cottage, uniq_edmund
D:7:      layout_basic, mainiacjoe_overflow_cross_hatched,
          minmay_strange_pillars, grunt_ministairs_12, uniq_pikel
D:8:      layout_basic, nicolae_overflow_hallway_of_the_gods, dpeg_oklobed_lair
D:9:      layout_basic, fountainhead, nicolae_concentric_dashed_squares_mild,
          chequers_serial_rivers_small_b, st_stairs_11
D:10:     layout_loops_ring, nemelex_spade_bored_becter, orc_0_dummy,
          small_statue_intersection, nicolae_transporter_intersection,
          uniq_sonja
D:11:     layout_basic, library_closet, st_stairs_2
D:12:     layout_roguey, nooodl_orcs_dogs
D:13:     layout_long_grid, david_vaults_5, minmay_the_grid_2x2
          [minmay_the_grid_medium_cups, minmay_the_grid_embedded,
          minmay_the_grid_gridbox, minmay_the_grid_prize_shrinking_boxes]
D:14:     layout_basic, minmay_misc_feat_five, serial_shops, shop_statue
D:15:     hangedman_depths_entry_civil_slaughter, layout_loops_cross,
          chequers_jeans, ebering_ghost_gozag, uniq_roxanne, uniq_louise
Temple:   hellmonk_temple_of_storms
Lair:1:   layout_hall_layers
Lair:2:   layout_chaotic_city, swamp_mist_pool, basic_altar
Lair:3:   nzn_winding_woodlands_stair_cross
          [nzn_winding_woodlands_5x15_split_checker,
          nzn_winding_woodlands_center_pierced_h,
          nzn_winding_woodlands_5x15_zeroes, nzn_winding_woodlands_5x5_default,
          nzn_winding_woodlands_hourglass, nzn_winding_woodlands_5x15_cabin,
          nzn_winding_woodlands_center_triple_pond,
          nzn_winding_woodlands_5x15_garden], layout_misc_corridors,
          spider_nest_entry_a, pond, infiniplex_staircase_pool_2,
          uniq_prince_ribbit2, uniq_amaemon
Lair:4:   layout_gridlike, infiniplex_staircase_pool, grunt_megastairs_4
Lair:5:   hellmonk_lair_end_abyssal_woods, layout_cave_pods, slime_entry_1,
          nicolae_lair_grove_arrangements, nicolae_quartered_pool_impasse,
          kennysheep_abandoned_house, grunt_megastairs_2, uniq_kirke,
          uniq_josephine
Orc:1:    layout_diamond_mine, basic_altar
Orc:2:    grunt_orc_cross, layout_caves, serial_shops, shop, uniq_saint_roka
Abyss:2:  base:
Temple

Skill      XL: |  1  2  3  4  5  6  7  8  9 10 11 12 13 14 15 16 |
---------------+-------------------------------------------------+-----
Stealth        | 2 3 |  3.0
Spellcasting   | 3 4 5 6 8 9 10 12 14 | 14.8
Conjurations   | 5 6 7 10 | 10.0
Translocations | 2 3 |  3.0
Hexes          | 1 3 |  3.0
Fighting       | 1 6 10 12 | 12.7
Dodging        | 4 5 6 |  6.7
Evocations     | 8 11 | 11.4
Shields        | 3 5 8 |  8.8
Transmutations | 3 |  3.0
Ice Magic      | 5 8 10 | 10.0
Air Magic      | 3 |  3.0
Poison Magic   | 3 |  3.0
Necromancy     | 1 |  1.5
Earth Magic    | 1 2 |  2.2

Action                   |  1- 3 |  4- 6 |  7- 9 | 10-12 | 13-15 | 16-18 || total
-------------------------+-------+-------+-------+-------+-------+-------++-------
Melee: Dagger            |       |    20 |    37 |     4 |       |       ||    61
       Tailslap          |       |     4 |    10 |    34 |    56 |       ||   104
       Short sword       |       |       |       |   203 |   274 |       ||   477
       Punch             |       |       |       |     1 |     4 |       ||     5
Throw: Dart              |       |       |       |       |    35 |       ||    35
 Cast: Magic Dart        |    51 |    37 |    70 |    20 |     6 |       ||   184
       Searing Ray       |    11 |    26 |    99 |    84 |    31 |     1 ||   252
       Fulminant Prism   |       |       |     5 |     8 |     4 |       ||    17
       Iskenderun's Myst |       |       |     6 |    99 |   302 |    30 ||   437
       Freezing Cloud    |       |       |       |    23 |   199 |     4 ||   226
Invok: Curse Item        |       |       |     2 |     3 |     5 |       ||    10
       Shatter the Chain |       |       |       |       |     1 |       ||     1
 Abil: Breathe Noxious F |       |       |    12 |    44 |    85 |     1 ||   142
Evoke: Wand              |       |       |       |    10 |    32 |       ||    42
  Use: Scroll            |       |    12 |     6 |     5 |     3 |     2 ||    28
       Potion            |       |       |     4 |     3 |     2 |       ||     9
 Stab: Confused          |       |       |       |     5 |     7 |       ||    12
       Sleeping          |       |       |       |       |     1 |       ||     1
Armor: Skin              |     1 |    16 |    60 |   128 |    83 |     6 ||   294
Dodge: Dodged            |     4 |    19 |    78 |   241 |   308 |     2 ||   652
Block: Other             |       |       |       |    63 |    69 |       ||   132
       Reflection        |       |       |       |     1 |    18 |       ||    19
       Kite shield       |       |       |       |       |    49 |    13 ||    62

Table legend: (Time is in decaauts)
 A = Elapsed time spent in this place.
 B = Non-inter-level travel time spent in this place.
 C = Inter-level travel time spent in this place.
 D = Time resting spent in this place.
 E = Time spent auto-exploring this place.
 F = Levels seen in this place.
 G = Mean time per level.
                   A        B        C        D        E       F      G
               +--------+--------+--------+--------+--------+-----+--------+
         Total |  39095 |  37046 |   2049 |  10267 |  20120 |  25 | 1563.8 |
       Dungeon |  20816 |  19511 |   1305 |   3393 |  13400 |  15 | 1387.7 |
        Temple |     45 |     37 |      8 |      0 |      0 |   1 |   45.0 |
          Lair |  13686 |  13108 |    578 |   5461 |   5000 |   5 | 2737.2 |
  Orcish Mines |   2859 |   2702 |    157 |   1070 |    831 |   2 | 1429.5 |
         Abyss |    446 |    446 |      0 |    278 |      0 |   1 |  446.0 |
         Sewer |   1242 |   1242 |      0 |     64 |    889 |   1 | 1242.0 |
               +--------+--------+--------+--------+--------+-----+--------+

Top non-repeatable levels by time:
  Lair:3: 4371 daAuts
  Lair:5: 3124 daAuts
  Lair:2: 2399 daAuts
    D:13: 1964 daAuts
  Lair:1: 1908 daAuts
  Lair:4: 1882 daAuts
    D:12: 1799 daAuts
    D:10: 1666 daAuts
   Orc:1: 1644 daAuts
     D:5: 1599 daAuts
     D:8: 1561 daAuts
     D:9: 1538 daAuts
     D:6: 1495 daAuts
    D:11: 1482 daAuts
    D:14: 1457 daAuts
